 Dungeon Crawl Stone Soup version 0.30-a0-1160-g6e42c06551 (webtiles) character file.

Game seed: 16225873767465030506

1374 Ahpoh the Slasher (level 8, -2/42 HPs)
             Began as a Vine Stalker Berserker on Apr 26, 2023.
             Was a Believer of Trog.
             Slain by a gnoll sergeant
             ... wielding a +0 trident
              (12 damage)
             ... on level 6 of the Dungeon.
             The game lasted 00:13:47 (3857 turns).

Ahpoh the Slasher (Vine Stalker Berserker)          Turns: 3857, Time: 00:13:48

Health: -2/42      AC:  6    Str: 19    XL:     8   Next: 66%
Magic:  0/9        EV: 11    Int:  7    God:    Trog [**....]
Gold:   172        SH:  0    Dex: 17    Spells: 7/7 levels left

rFire   . . .        a - +0 falchion
rCold   + + .        (no shield)
rNeg    . . .        r - +0 scale mail
rPois   .            (no helmet)
rElec   .            (no cloak)
rCorr   .            (no gloves)
SInv    .            (no boots)
Will    +....        (no amulet)
Stlth   +            (no ring)
HPRegen 1.07/turn    (no ring)
MPRegen 0.11/turn

%: guardian spirit
@: no status effects
A: fangs 3, regeneration 1, magic shield, antimagic bite, no potion heal 2, cold
resistance 2
a: Renounce Religion, Berserk, Trog's Hand


You were on level 6 of the Dungeon.
You worshipped Trog.
Trog was pleased with you.
You visited 1 branch of the dungeon, and saw 6 of its levels.

You collected 252 gold pieces.
You spent 80 gold pieces at shops.

Inventory:

Hand Weapons
 a - a +0 falchion (weapon)
Armour
 r - a +0 scale mail (worn)
Jewellery
 m - a ring of poison resistance
 x - a ring of protection from fire
Wands
 k - a wand of paralysis (10)
 o - a wand of light (11)
 p - a wand of digging (6)
Scrolls
 c - 3 scrolls of noise {unknown}
 f - a scroll of immolation {unknown}
 h - 2 scrolls of enchant weapon
 i - 2 scrolls of poison {unknown}
 n - a scroll of vulnerability
 s - a scroll of brand weapon
 t - a scroll of magic mapping {unknown}
 v - a scroll of identify
Potions
 b - a potion of flight {unknown}
 d - 6 potions of curing {unknown}
 e - 2 potions of cancellation {unknown}
 g - a potion of lignification {unknown}
 j - a potion of degeneration {unknown}
 l - a potion of mutation
 q - a potion of berserk rage {unknown}
 u - a potion of haste {unknown}
 w - a potion of magic {unknown}


   Skills:
 + Level 4.9 Fighting
 + Level 7.0 Long Blades
 + Level 3.4 Armour
 + Level 3.1 Dodging
 + Level 3.6 Stealth


You had 7 spell levels left.
You didn't know any spells.
Your spell library was empty.

Dungeon Overview and Level Annotations

Branches:
Dungeon (6/15)             Temple (0/1) D:5

Altars:
Elyvilon

Shops:
D:3 [   D:5 !


Innate Abilities, Weirdness & Mutations

You have razor-sharp teeth.
Your natural rate of healing is unusually fast.
When hurt, damage is shared between your health and your magic reserves.
Your bite disrupts and absorbs the magic of your enemies.
Potions cannot restore your health.
Your flesh is very cold resistant. (rC++)


Message History

The gnoll sergeant barely misses you. The gnoll sergeant barely misses you.
The orc warrior hits you with a +0 long sword!!
* * * LOW HITPOINT WARNING * * *
Your skin crawls.
You feel strong-willed. The orc warrior misses you.
The gnoll sergeant closely misses you.
The orc warrior attacks as you move away!
The orc warrior hits you with a +0 long sword.
* * * LOW HITPOINT WARNING * * *
The orc warrior misses you.
The gnoll sergeant hits you from afar with a +0 trident.
* * * LOW HITPOINT WARNING * * *
The orc warrior attacks as you move away!
The orc warrior hits you with a +0 long sword!
* * * LOW HITPOINT WARNING * * *
You feel yourself speed up.
The orc warrior attacks as you move away!
The orc warrior barely misses you.
The orc warrior attacks as you move away!
The orc warrior closely misses you.
The orc warrior attacks as you move away!
The orc warrior hits you with a +0 long sword.
* * * LOW HITPOINT WARNING * * *
You feel the effects of Trog's Hand fading.
The orc warrior attacks as you move away!
The orc warrior barely misses you.
You recover from your berserk rage.
The orc warrior attacks as you move away!
The orc warrior hits you with a +0 long sword!
Your skin stops crawling.
You feel less strong-willed.
The orc warrior attacks as you move away!
The orc warrior hits you with a +0 long sword.
* * * LOW HITPOINT WARNING * * *
The orc warrior attacks as you move away!
The orc warrior hits you with a +0 long sword.
* * * LOW HITPOINT WARNING * * *
You open the door. The orc warrior barely misses you.
The gnoll sergeant hits you from afar with a +0 trident!
You die...

#.##.####..........#.######### #.
#.##......)#######...........# #.
#.########.# #.#..######.# #. #.#
##+## #.#..# #.# #. #.# ##...##
#.#..#### #.# #. #.# ##.....##
#.#.....# #.###. ..#####.......##
#.#..##.# #.##..
.....#.........###....##.###.##..
.....'.........'@og..............
.#...#.......<.###...........####
...####.......## ###..#####.## #
#.## ##.....## ##.# #.# # #.#
##...## ..# #.# # #.# ##'## #..#
#.# #.# #.# #..# #.# #.# #.# #...
..# #.# #.# ###


You could see an orc warrior and a gnoll sergeant.

Vanquished Creatures
  The ghost of 13Fox the Shooter, an amateur MiHu (D:5)
  Sigmund (D:2)
  2 phantoms
  Blork the orc (D:6)
  A gnoll sergeant (D:6)
  2 scorpions (D:5)
  A wyvern zombie (D:5)
  A howler monkey (D:5)
  3 hounds
  2 bullfrog zombies (D:5)
  A jelly (D:5)
  Jessica (D:2)
  Ijyb (D:3)
  Natasha (thrice) (D:4)
  2 iguanas (D:5)
  An orc wizard (D:3)
  A mummy (D:5)
  3 adders
  A shadow imp (D:5)
  2 ufetubi
  2 worms (D:2)
  4 dart slugs
  8 orcs
  5 ball pythons
  4 endoplasms
  A giant cockroach (D:3)
  3 goblins
  7 hobgoblins
  2 quokkas (D:1)
  6 bats
  5 frilled lizards
  7 kobolds
  3 rats
88 creatures vanquished.

Notes
Turn   | Place    | Note
-------+----------+-------------------------------------------
     0 | D:1      | Ahpoh the Vine Stalker Berserker began the quest for the
                  | Orb.
     0 | D:1      | Reached XP level 1. HP: 11/11 MP: 2/2
   251 | D:1      | Reached XP level 2. HP: 15/16 MP: 1/3
   301 | D:1      | Reached skill level 3 in Long Blades
   350 | D:1      | Found a faded altar of an unknown god.
   372 | D:1      | Reached XP level 3. HP: 3/20 MP: 4/4
   769 | D:2      | Found a white marble altar of Elyvilon.
   773 | D:2      | Noticed Jessica
   781 | D:2      | Killed Jessica
   942 | D:2      | Gained mutation: Your natural rate of healing is unusually
                  | fast. [Vine Stalker growth]
   942 | D:2      | Reached XP level 4. HP: 24/24 MP: 5/5
  1115 | D:2      | Noticed Sigmund
  1124 | D:2      | Killed Sigmund
  1125 | D:2      | Reached skill level 4 in Long Blades
  1125 | D:2      | Reached XP level 5. HP: 29/29 MP: 6/6
  1125 | D:2      | Reached XP level 6. HP: 33/33 MP: 7/7
  1479 | D:2      | Reached skill level 1 in Stealth
  1620 | D:3      | Noticed Ijyb
  1624 | D:3      | Killed Ijyb
  1786 | D:3      | Reached ** piety under Trog
  2091 | D:3      | Found Zuinauso's Antique Armour Shoppe.
  2255 | D:4      | Reached skill level 5 in Long Blades
  2259 | D:4      | Noticed Natasha
  2275 | D:4      | Killed Natasha
  2303 | D:4      | Noticed Natasha
  2319 | D:4      | Killed Natasha
  2320 | D:4      | Reached XP level 7. HP: 37/37 MP: 6/8
  2403 | D:4      | Noticed Natasha
  2412 | D:4      | Killed Natasha
  2677 | D:5      | Entered Level 5 of the Dungeon
  2691 | D:5      | Found a transporter.
  2716 | D:5      | Found a transporter.
  2720 | D:5      | Noticed 13Fox's ghost (amateur MiHu)
  2755 | D:5      | Found Riotz's Distillery.
  2760 | D:5      | Bought a potion of mutation for 80 gold pieces
  2760 | D:5      | Gained mutation: Your flesh is cold resistant. (rC+)
                  | [potion of mutation]
  2760 | D:5      | Gained mutation: Your flesh is very cold resistant. (rC++)
                  | [potion of mutation]
  2855 | D:5      | Found a staircase to the Ecumenical Temple.
  3059 | D:5      | Reached skill level 6 in Long Blades
  3190 | D:5      | Gained mutation: You have razor-sharp teeth. [Vine Stalker
                  | growth]
  3190 | D:5      | Reached XP level 8. HP: 32/42 MP: 6/9
  3448 | D:5      | Killed 13Fox's ghost
  3788 | D:6      | Noticed Blork the orc
  3789 | D:6      | Found the +10 zealot's sword {holy, Zealotry, *Rage rN+
                  | EV+3}
  3803 | D:6      | Killed Blork the orc
  3814 | D:6      | Reached skill level 7 in Long Blades
  3840 | D:6      | HP: 1/42 [orc warrior/+0 long sword (7)]
  3857 | D:6      | Slain by a gnoll sergeant

Illustrated notes

Levels and vault maps discovered:
D:1:      sevenhm_arrival_forest_fort_small_6, layout_loops_ring,
          shapermc_ecumenical_altar_starsandcircs
D:2:      layout_basic, basic_altar, uniq_sigmund, uniq_jessica
D:3:      layout_basic, serial_shops, shop, uniq_ijyb
D:4:      layout_basic, uniq_natasha
D:5:      layout_basic, minmay_temple_entry_hall, serial_shops,
          nicolae_shop_crystal, gammafunk_ghost_mausoleum,
          nicolae_concentric_dashed_squares_mild
D:6:      layout_loops_corners, kennysheep_path_1, sword_in_stone

Skill      XL: |  1  2  3  4  5  6  7  8 |
---------------+-------------------------+-----
Long Blades    | 3 4 5 6 7 |  7.0
Fighting       | 3 4 |  4.9
Dodging        | 2 3 |  3.1
Stealth        | 2 3 |  3.6
Armour         | 2 3 |  3.4

Action                     |  1- 3 |  4- 6 |  7- 9 || total
---------------------------+-------+-------+-------++-------
  Melee: Falchion          |    63 |   117 |   142 ||   322
         Bite              |    14 |    25 |    44 ||    83
         Punch             |     1 |     3 |     4 ||     8
 Invoke: Berserk           |     2 |     4 |     3 ||     9
         Trog's Hand       |       |       |     1 ||     1
    Use: Scroll            |       |     2 |     1 ||     3
         Potion            |       |       |     1 ||     1
   Stab: Sleeping          |       |     7 |       ||     7
 Armour: Animal skin       |     1 |       |       ||     1
         Robe              |     9 |    14 |       ||    23
         Scale mail        |       |       |    41 ||    41
  Dodge: Dodged            |    40 |    59 |    92 ||   191

Table legend: (Time is in decaauts)
 A = Elapsed time spent in this place.
 B = Non-inter-level travel time spent in this place.
 C = Inter-level travel time spent in this place.
 D = Time resting spent in this place.
 E = Time spent auto-exploring this place.
 F = Levels seen in this place.
 G = Mean time per level.
                   A        B        C        D        E       F      G
               +--------+--------+--------+--------+--------+-----+--------+
         Total |   3966 |   3884 |     82 |    447 |   2142 |   6 |  661.0 |
       Dungeon |   3966 |   3884 |     82 |    447 |   2142 |   6 |  661.0 |
               +--------+--------+--------+--------+--------+-----+--------+

Top non-repeatable levels by time:
     D:5: 963 daAuts
     D:2: 904 daAuts
     D:1: 735 daAuts
     D:3: 629 daAuts
     D:4: 491 daAuts
     D:6: 241 daAuts
